 Dungeon Crawl Stone Soup version 0.29-a0-1019-g84f7d21838 (webtiles) character file.

Game seed: 171823538000756316

233 xian the Shooter (level 5, 0/31 HPs)
             Began as a Deep Elf Hunter on Aug 10, 2022.
             Slain by an ogre
             ... wielding a +0 giant spiked club
              (22 damage)
             ... on level 5 of the Dungeon.
             The game lasted 00:08:32 (2836 turns).

xian the Shooter (Deep Elf Hunter)                  Turns: 2836, Time: 00:08:33

Health: 0/31       AC: 11    Str:  8    XL:     5   Next: 74%
Magic:  11/11      EV: 12    Int: 16    God:
Gold:   57         SH:  0    Dex: 18    Spells: 9/9 levels left

rFire   . . .      SeeInvis .   a - +0 shortbow
rCold   . . .      Faith    .   (shield currently unavailable)
rNeg    . . .      Spirit   .   c - +0 leather armour
rPois   .          Reflect  .   i - +0 helmet
rElec   .          Harm     .   s - +0 cloak
rCorr   .          Rampage  .   f - +0 pair of gloves
Will    .....                   n - +0 pair of boots
Stlth   ++........              (no amulet)
HPRegen 0.10/turn               e - +4 ring of slaying
MPRegen 0.12/turn               l - +4 ring of protection

@: no status effects
A: no striking features
a: no special abilities


You were on level 5 of the Dungeon.
You visited 1 branch of the dungeon, and saw 5 of its levels.

You collected 193 gold pieces.
You spent 136 gold pieces at shops.

Inventory:

Hand Weapons
 a - a +0 shortbow (weapon)
 r - a +2 quarterstaff of chaos
Armour
 c - a +0 leather armour (worn)
 f - a +0 pair of gloves (worn)
 h - an orb of energy
 i - a +0 helmet (worn)
 n - a +0 pair of boots (worn)
 s - a +0 cloak (worn)
Jewellery
 e - a +4 ring of slaying (left hand)
 l - a +4 ring of protection (right hand)
 q - a +4 ring of protection
Wands
 z - a wand of charming (2)
 A - a wand of iceblast (8)
Scrolls
 b - 2 scrolls of immolation
 m - 3 scrolls of fear
 p - a scroll of magic mapping {unknown}
 u - a scroll of poison {unknown}
 x - a scroll of enchant armour
 y - a scroll of silence
 B - a scroll of torment {unknown}
 C - a scroll of vulnerability {unknown}
 D - a scroll of blinking
Potions
 j - a potion of mutation {unknown}
 k - 4 potions of heal wounds
 o - 2 potions of degeneration {unknown}
 t - a potion of lignification {unknown}
 v - a potion of flight {unknown}
 w - 4 potions of curing


   Skills:
 + Level 2.3 Fighting
 + Level 7.9 Ranged Weapons
 + Level 1.0 Armour
 + Level 2.5 Dodging
 + Level 1.5 Stealth
 * Level 2.7 Spellcasting


You had 9 spell levels left.
You didn't know any spells.
Your spell library contained the following spells:

 Spells                   Type           Power      Damage    Failure   Level
 Foxfire                  Conj/Fire      8%         2x1d4     26%         1
 Call Canine Familiar     Summ           2%         N/A       63%         3
 Conjure Flame            Conj/Fire      2%         6-21      63%         3
 Dazzling Flash           Conj/Hex       4%         N/A       63%         3
 Gell's Gravitas          Tloc           2%         N/A       63%         3
 Inner Flame              Hex/Fire       2%         N/A       63%         3
 Ozocubu's Armour         Ice            2%         N/A       63%         3
 Portal Projectile        Hex/Tloc       4%         N/A       63%         3
 Teleport Other           Tloc           2%         N/A       63%         3
 Flame Wave               Conj/Fire      2%         2d4       95%         4
 Iskenderun's Mystic Bla  Conj/Tloc      2%         2d3       95%         4
 Leda's Liquefaction      Hex/Erth       1%         N/A       95%         4
 Metabolic Englaciation   Hex/Ice        1%         N/A       100%        5
 Dispersal                Tloc           1%         N/A       100%        6
 Simulacrum               Ice/Necr       1%         N/A       100%        6
 Starburst                Conj/Fire      1%         6d3       100%        6


Dungeon Overview and Level Annotations

Branches:
Dungeon (5/15)
 Temple: D:4-7

Altars:
Wu Jian

Shops:
D:5 *


Message History

There is a fountain of clear blue water here.
d - a scroll of identify
As you read the scroll of identify, it crumbles to dust.
x - a scroll of enchant armour You now have 46 gold pieces (gained 7).
You open the door.
There is an open door here.
You now have 57 gold pieces (gained 11).
You open the door.
A water moccasin comes into view.
An ogre comes into view. It is wielding a +0 giant spiked club.
There is an open door here.
The ogre shouts!
You shoot an arrow. The arrow hits the water moccasin!
The water moccasin is moderately wounded.
You shoot an arrow. The arrow hits the water moccasin.
The water moccasin is heavily wounded.
The water moccasin bites you.
You shoot an arrow. The arrow misses the water moccasin.
The arrow hits the ogre!
The ogre is moderately wounded.
The water moccasin closely misses you. The water moccasin bites you.
You are poisoned.
The water moccasin poisons you!
You shoot an arrow. The arrow hits the water moccasin!
The water moccasin is almost dead.
You feel very sick. The water moccasin bites you.
You shoot an arrow.
The arrow barely misses the water moccasin.
You feel very sick.
The water moccasin bites you but does no damage. x2
You are too injured to fight recklessly!
You are too injured to fight recklessly!
You are too injured to fight recklessly!
You are too injured to fight recklessly!
You feel better. The water moccasin closely misses you.
The ogre hits you with a +0 giant spiked club!!
Ouch! That really hurt!
You die...

## ## #.#+ #+#.#
##...#####O@.##
+......#..S...+ ###
#.....$#......###.## ...#..
.......#.......#...# #...#.
.......'.......#...# #....#
.......#.......#...## #....
#......#......##....## #....
+......#......'......###....
##...#####...##..##.........


You could see a water moccasin and an ogre.

Vanquished Creatures
  A scorpion (D:4)
  Crazy Yiuf (D:2)
  3 gnolls (D:2)
  5 adders
  2 worms (D:4)
  A dart slug (D:1)
  8 ball pythons
  7 bats
  3 endoplasms
  5 giant cockroaches
  7 goblins
  4 hobgoblins
  6 quokkas
  2 frilled lizards
  6 kobolds
  4 rats
65 creatures vanquished.

Vanquished Creatures (others)
  A fungus (D:2)
1 creature vanquished.

Grand Total: 66 creatures vanquished

Notes
Turn   | Place    | Note
-------+----------+-------------------------------------------
     0 | D:1      | xian the Deep Elf Hunter began the quest for the Orb.
     0 | D:1      | Reached XP level 1. HP: 12/12 MP: 3/3
   379 | D:1      | Found a faded altar of an unknown god.
   411 | D:1      | Reached XP level 2. HP: 16/16 MP: 3/5
   565 | D:1      | Reached skill level 6 in Ranged Weapons
   594 | D:1      | Reached skill level 1 in Spellcasting
  1130 | D:2      | Reached XP level 3. HP: 21/21 MP: 5/7
  1289 | D:2      | Found an ornate altar of the Wu Jian Council.
  1348 | D:2      | Reached XP level 4. HP: 26/26 MP: 8/8
  1685 | D:2      | Found a runed translucent door.
  1686 | D:2      | Noticed Crazy Yiuf
  1695 | D:2      | Killed Crazy Yiuf
  1696 | D:2      | Reached skill level 7 in Ranged Weapons
  2228 | D:4      | Reached XP level 5. HP: 30/30 MP: 10/10
  2405 | D:4      | Reached skill level 1 in Armour
  2738 | D:5      | Entered Level 5 of the Dungeon
  2738 | D:5      | Found Xazil's General Store.
  2750 | D:5      | Bought a scroll of blinking for 97 gold pieces
  2750 | D:5      | Bought a potion of curing for 39 gold pieces
  2826 | D:5      | Noticed a water moccasin
  2826 | D:5      | Noticed an ogre
  2836 | D:5      | Slain by an ogre

Illustrated notes

Levels and vault maps discovered:
D:1:      dpeg_arrival_arbitrary_b, layout_basic,
          shapermc_ecumenical_altar_mp_vishouse, hangedman_decor_lopped,
          feat_on_display
D:2:      layout_basic, basic_altar, uniq_crazy_yiuf_cottage
D:3:      layout_rooms
D:4:      layout_basic
D:5:      nicolae_cairo_tiling_very_big, layout_layer_cave, serial_shops,
          shop_fountains, hangedman_abyss_or_decor_stagger

Skill      XL: |  1  2  3  4  5 |
---------------+----------------+-----
Ranged Weapons | 6 7 |  7.9
Spellcasting   | 1 2 |  2.7
Fighting       | 2 |  2.3
Armour         | 1 |  1.0
Dodging        | |  2.5
Stealth        | |  1.5

Action                   |  1- 3 |  4- 6 || total
-------------------------+-------+-------++-------
 Fire: Shortbow          |    54 |    87 ||   141
  Use: Scroll            |       |     5 ||     5
       Potion            |       |     1 ||     1
Armor: Leather armour    |     2 |    23 ||    25
Dodge: Dodged            |     5 |    17 ||    22

Table legend: (Time is in decaauts)
 A = Elapsed time spent in this place.
 B = Non-inter-level travel time spent in this place.
 C = Inter-level travel time spent in this place.
 D = Time resting spent in this place.
 E = Time spent auto-exploring this place.
 F = Levels seen in this place.
 G = Mean time per level.
                   A        B        C        D        E       F      G
               +--------+--------+--------+--------+--------+-----+--------+
         Total |   2863 |   2724 |    139 |      0 |   2292 |   5 |  572.6 |
       Dungeon |   2863 |   2724 |    139 |      0 |   2292 |   5 |  572.6 |
               +--------+--------+--------+--------+--------+-----+--------+

Top non-repeatable levels by time:
     D:1: 1002 daAuts
     D:2: 779 daAuts
     D:4: 558 daAuts
     D:3: 424 daAuts
     D:5: 98 daAuts
